 Dungeon Crawl Stone Soup version 0.25-a0-731-g0472a16d6a (webtiles) character file.

Game seed: 149763478619263641, levelgen mode: deterministic

1629 Esekla the Magician (level 8, -6/40 HPs)
             Began as a Vine Stalker Skald on Apr 8, 2020.
             Was a Believer of Qazlal.
             Mangled by a cyclops (20 damage)
             ... on level 8 of the Dungeon.
             The game lasted 00:45:21 (6006 turns).

Esekla the Magician (Vine Stalker Skald)            Turns: 6006, Time: 00:45:21

Health: -6/40      AC: 13    Str: 13    XL:     8   Next: 97%
Magic:  0/16       EV: 13    Int: 15    God:    Qazlal [**....]
Gold:   89         SH:  3    Dex: 15    Spells: 3/16 levels left

rFire    + . .     SeeInvis .   a - +0 falchion
rCold    + . .     Gourm    .   (no shield)
rNeg     . . .     Faith    .   y - +0 robe {rC+}
rPois    .         Spirit   +   (no helmet)
rElec    .         Reflect  .   x - +0 cloak
rCorr    .         Harm     .   (no gloves)
MR       +....                  (no boots)
Stlth    +.........             u - amulet of the acrobat
HPRegen  0.53/turn              z - ring of protection from fire
MPRegen  0.15/turn              K - +4 ring of protection

@: icy armour
A: fangs 3, regeneration 1, magic shield, antimagic bite, no potion heal 3, rot
immunity
a: Upheaval, Renounce Religion


You were on level 8 of the Dungeon.
You worshipped Qazlal.
Qazlal was pleased with you.
You were not hungry.

You visited 1 branch of the dungeon, and saw 8 of its levels.

You collected 289 gold pieces.
You spent 200 gold pieces at shops.

Inventory:

Hand Weapons
 a - a +0 falchion (weapon)
 h - a +1 dagger of holy wrath
 v - a +2 dagger of venom
 O - the +1 glaive of Zin's Delight {holy, +Fly rC+ rN+ Dex-4}
   (You took it off an orc on level 8 of the Dungeon)

   It has been blessed by the Shining One to cause great damage to the undead
   and demons.
   It affects your dexterity (-4).
   It protects you from cold.
   It protects you from negative energy.
   It lets you fly.
Missiles
 A - 24 poisoned darts (quivered)
 F - 7 boomerangs
Armour
 b - a +0 leather armour
 x - a +0 cloak (worn)
 y - a +0 robe of cold resistance (worn)
Jewellery
 m - an uncursed amulet of rage
 u - an amulet of the acrobat (around neck)
 z - a ring of protection from fire (left hand)
 E - an uncursed ring of ice
 K - a +4 ring of protection (right hand)
Wands
 r - a wand of scattershot (6)
 t - a wand of digging (14)
 L - a wand of enslavement (10)
 M - a wand of flame (24)
Scrolls
 c - 4 scrolls of teleportation
 e - 2 scrolls of identify
 i - a scroll of amnesia {unknown}
 j - 5 scrolls of enchant weapon
 k - 2 scrolls of noise {unknown}
 l - 3 scrolls of fear
 q - 2 scrolls of remove curse {unknown}
 w - 2 scrolls of blinking {unknown}
 I - 2 scrolls of fog
 J - 2 scrolls of magic mapping
Potions
 f - 2 potions of stabbing {unknown}
 g - a potion of cancellation {unknown}
 n - 3 potions of might
 o - 3 potions of brilliance
 p - a potion of resistance {unknown}
 s - 3 potions of lignification
 B - 2 potions of heal wounds {unknown}
 C - 3 potions of curing
 D - a potion of magic {unknown}
 G - a potion of experience {unknown}
 H - a potion of flight {unknown}
Comestibles
 d - 15 rations


   Skills:
 + Level 3.1 Fighting
 + Level 2.4(3.6) Short Blades
 + Level 4.0(4.4) Long Blades
 + Level 0.3 Throwing
 + Level 1.9 Armour
 + Level 3.1 Dodging
 - Level 0.2 Stealth
 * Level 4.9 Spellcasting
 * Level 1.8 Conjurations
 - Level 3.0 Charms
 * Level 3.8 Translocations
 * Level 3.4 Ice Magic
 * Level 1.8 Air Magic
 * Level 2.4 Poison Magic


You had 3 spell levels left.
You knew the following spells:

 Your Spells              Type           Power        Failure   Level  Hunger
a - Ozocubu's Armour      Chrm/Ice       ##......     13%         3    ###....
b - Blink                 Tloc           N/A          5%          2    ##.....
c - Mephitic Cloud        Conj/Pois/Air  #.......     22%         3    ###....
d - Infusion              Chrm           ##..         4%          1    None
g - Shroud of Golubria    Chrm/Tloc      ##....       6%          2    ##.....
s - Song of Slaying       Chrm           ##......     7%          2    ##.....

Your spell library contained the following spells:

 Spells                   Type           Power        Failure   Level  Hunger
 Magic Dart               Conj           #...         8%          1    None
 Call Imp                 Summ           #.......     26%         2    ##.....
 Slow                     Hex            #.......     26%         2    ##.....
 Spectral Weapon          Hex/Chrm       #.......     26%         3    ###....
 Conjure Flame            Conj/Fire      #.......     32%         3    ###....


Dungeon Overview and Level Annotations

Branches:
Dungeon (8/15)             Temple (0/1) D:5
   Lair: D:8-11

Altars:
Cheibriados
Dithmenos
Gozag
Makhleb
Nemelex Xobeh
Qazlal

Shops:
D:4 :   D:5 [

Annotations:
D:7 1 runed translucent door, DOPEyDwarf's ghost, novice MiFi


Innate Abilities, Weirdness & Mutations

You have razor-sharp teeth.
Your natural rate of healing is unusually fast.
When hurt, damage is shared between your health and your magic reserves.
Your bite disrupts and absorbs the magic of your enemies.
Potions cannot restore your health.
You are immune to rotting.


Message History

You hit the cyclops.
The cyclops is moderately wounded.
The cyclops hits you!!
You hit the cyclops but do no damage. You bite the cyclops, but do no damage.
The cyclops is moderately wounded.
The cyclops misses you.
Okay, then.
You hit the cyclops but do no damage. You bite the cyclops, but do no damage.
The cyclops is heavily wounded.
The cyclops completely misses you.
You hit the cyclops but do no damage. Your bite misses the cyclops.
The cyclops is heavily wounded.
You hit the cyclops but do no damage. Your bite misses the cyclops.
The cyclops is heavily wounded.
The cyclops hits you!
You hit the cyclops but do no damage.
The cyclops is heavily wounded.
The cyclops hits you!!
Ouch! That really hurt!
You die...

#....>#s############..
######.###.#..........C..
#.........Y#.##.(........
#.####.....#.##.(........
#.#....#.#....#..........
#....#.#...#..#.#######..
#.............#.# .
#...##.#......#C#####
#...##.#....###.@...#
#...........#.#.○°..#
#...#####.###.#.....#
#...#.........#.....#
##.##.###.###.#.##### ...
#.....#.#)# #
########.###.#.....
...........).#.....
..........).........


You could see a cyclops.

Vanquished Creatures
  A hippogriff (D:7)
  An orc warrior (D:8)
  3 ice beasts
  A sky beast (D:8)
  2 bullfrogs
  3 scorpions
  A howler monkey (D:5)
  A crimson imp (D:7)
  3 hounds
  Crazy Yiuf (D:3)
  2 jellies
  2 orc wizards (D:8)
  An iguana (D:4)
  6 worker ants
  A worker ant zombie (D:6)
  A gnoll (D:1)
  9 adders
  2 shadow imps
  An adder zombie (D:6)
  3 adder skeletons
  2 worms
  3 dart slugs
  4 leopard geckos
  14 orcs
  A ball python (D:3)
  8 bats
  8 giant cockroaches
  7 goblins
  10 hobgoblins
  8 jackals
  5 quokkas
  2 frilled lizards
  14 kobolds
  A quokka zombie (D:5)
  6 rats
  A fungus (D:3)
139 creatures vanquished.

Notes
Turn   | Place    | Note
-------+----------+-------------------------------------------
     0 | D:1      | Esekla the Vine Stalker Skald began the quest for the Orb.
     0 | D:1      | Reached XP level 1. HP: 11/11 MP: 4/4
    43 | D:1      | Reached XP level 2. HP: 12/15 MP: 3/6
    54 | D:1      | Learned a level 2 spell: Shroud of Golubria
    57 | D:1      | Learned a level 2 spell: Song of Slaying
   162 | D:1      | Reached skill level 1 in Armour
   222 | D:1      | Reached XP level 3. HP: 14/18 MP: 8/8
  1073 | D:2      | Gained mutation: Your natural rate of healing is unusually
                  | fast. [Vine Stalker growth]
  1073 | D:2      | Reached XP level 4. HP: 20/23 MP: 4/9
  1155 | D:2      | Found a snail-covered altar of Cheibriados.
  1155 | D:2      | Found a sparkling altar of Nemelex Xobeh.
  1246 | D:2      | Learned a level 3 spell: Ozocubu's Armour
  1445 | D:2      | Found a stormy altar of Qazlal.
  1456 | D:2      | Became a worshipper of Qazlal Stormbringer
  1602 | D:3      | Reached skill level 1 in Translocations
  1666 | D:3      | Reached XP level 5. HP: 25/26 MP: 8/10
  2014 | D:3      | Reached skill level 1 in Ice Magic
  2047 | D:3      | Reached * piety under Qazlal
  2428 | D:3      | Found a runed translucent door.
  2429 | D:3      | Noticed Crazy Yiuf
  2445 | D:3      | Killed Crazy Yiuf
  2522 | D:4      | Found a burning altar of Makhleb.
  2593 | D:4      | Reached XP level 6. HP: 32/32 MP: 11/11
  2699 | D:4      | Found a shadowy altar of Dithmenos.
  2717 | D:4      | Found Lurchos's Book Boutique.
  2852 | D:4      | Reached skill level 1 in Short Blades
  3242 | D:5      | Entered Level 5 of the Dungeon
  3409 | D:5      | Reached XP level 7. HP: 35/35 MP: 13/13
  3427 | D:5      | Found a staircase to the Ecumenical Temple.
  3438 | D:5      | Reached ** piety under Qazlal
  3615 | D:5      | Found Woenink's Armour Boutique.
  3871 | D:4      | Bought a book of Minor Magic for 200 gold pieces
  3874 | D:4      | Learned a level 2 spell: Blink
  3878 | D:4      | Learned a level 3 spell: Mephitic Cloud
  5345 | D:7      | Gained mutation: You have razor-sharp teeth. [Vine Stalker
                  | growth]
  5345 | D:7      | Reached XP level 8. HP: 39/39 MP: 15/15
  5360 | D:7      | Noticed a hippogriff
  5380 | D:7      | Killed a hippogriff
  5380 | D:7      | Reached skill level 1 in Air Magic
  5447 | D:7      | Reached skill level 1 in Conjurations
  5509 | D:7      | Reached skill level 1 in Poison Magic
  5609 | D:7      | Found an opulent altar of Gozag.
  5642 | D:7      | Noticed DOPEyDwarf's ghost (novice MiFi)
  5643 | D:7      | Found a runed translucent door.
  5882 | D:8      | Identified the +1 glaive of Zin's Delight {holy, +Fly rC+
                  | rN+ Dex-4}
  5977 | D:8      | Noticed a cyclops
  6006 | D:8      | Mangled by a cyclops

Levels and vault maps discovered:
D:1:      giann_bridges, layout_basic
D:2:      layout_loops_ring, chequers_temple_overflow_statue_of_worship,
          grunt_qazlal_sundering
D:3:      layout_loops_cross, minmay_hedge_maze, uniq_crazy_yiuf_cottage
D:4:      layout_loops_cross, bloody_makhleb, lemuel_doored_altar, first_ration,
          serial_shops, kennysheep_mini
D:5:      layout_basic, minmay_temple_entry_sparse_star, serial_shops, shop
D:6:      minmay_general_purpose_star, layout_basic, serial_co_window_serial,
          co_window_corner_a, co_window_paths_b, co_window_corner_a,
          co_window_corner_a, co_window_corner_a, co_window_paths_a,
          co_window_of_opportunity_a, co_window_unsneaky_path_e,
          co_window_corner_b, co_window_paths_c, co_window_broadway_a,
          co_window_corner_b, co_window_2corner, glass_columns_c,
          glass_columns_a, glass_columns_c, glass_columns_b, glass_columns_a
D:7:      layout_rooms, grunt_gozag_breadcrumbs, hellmonk_ghost_happy_afterlife
D:8:      layout_basic

Skill      XL: |  1  2  3  4  5  6  7  8 |
---------------+-------------------------+-----
Long Blades    | 2 3 4 |  4.0
Fighting       | 2 3 |  3.1
Armour         | 1 |  1.9
Spellcasting   | 3 4 |  4.9
Dodging        | 2 3 |  3.1
Translocations | 1 2 3 |  3.8
Ice Magic      | 1 2 3 |  3.4
Short Blades   | 1 2 |  2.4
Air Magic      | 1 |  1.8
Conjurations   | 1 |  1.8
Poison Magic   | 2 |  2.4
Throwing       | |  0.3
Stealth        | |  0.2
Charms         | |  3.0

Action                   |  1- 3 |  4- 6 |  7- 9 || total
-------------------------+-------+-------+-------++-------
Melee: Falchion          |    95 |    34 |    85 ||   214
       Bite              |    24 |    50 |    50 ||   124
       Dagger            |       |   139 |    78 ||   217
Throw: Dart              |       |     4 |     2 ||     6
 Cast: Shroud of Golubri |     2 |     5 |     9 ||    16
       Song of Slaying   |     1 |     1 |     3 ||     5
       Ozocubu's Armour  |       |     2 |     4 ||     6
       Mephitic Cloud    |       |       |     2 ||     2
       Blink             |       |       |     1 ||     1
  Use: Scroll            |       |       |    11 ||    11
 Stab: Sleeping          |       |     1 |       ||     1
       Confused          |       |       |     2 ||     2
  Eat: Chunk             |       |     8 |     7 ||    15
       Ration            |       |       |     1 ||     1
Armor: Leather armour    |    24 |    26 |       ||    50
       Robe              |       |     2 |    31 ||    33
Dodge: Dodged            |    82 |   110 |   117 ||   309
Block: Other             |       |     6 |    25 ||    31
       Rpst.: Falchion   |    23 |     6 |    14 ||    43

Table legend:
 A = Non-vault XP
 B = Vault XP
 C = Vault XP percentage of total XP
 D = Non-vault monster count
 E = Vault monster count
 F = Vault count percentage of total count
                 A         B        C        D         E       F
            +---------+---------+-------+---------+---------+-------
      Total |    2286 |      42 |   1.8 |     137 |       1 |   0.7
            +---------+---------+-------+---------+---------+-------
        D:1 |      62 |       0 |   0.0 |      28 |       0 |   0.0
        D:2 |      68 |       0 |   0.0 |      18 |       0 |   0.0
        D:3 |      94 |      42 |  30.9 |      29 |       1 |   3.3
        D:4 |     175 |       0 |   0.0 |      14 |       0 |   0.0
        D:5 |     402 |       0 |   0.0 |      13 |       0 |   0.0
        D:6 |     231 |       0 |   0.0 |      10 |       0 |   0.0
        D:7 |     574 |       0 |   0.0 |      10 |       0 |   0.0
        D:8 |     680 |       0 |   0.0 |      15 |       0 |   0.0
            +---------+---------+-------+---------+---------+-------
